 Dungeon Crawl Stone Soup version 0.27-a0-1193-g8631133539 (webtiles) character file.

Game seed: 1698319780253435586

140 coolguy69 the Sneak (level 5, -1/28 HPs)
             Began as a Vine Stalker Monk on May 26, 2021.
             Succumbed to a scorpion's poison
             ... on level 4 of the Dungeon.
             The game lasted 00:02:56 (2881 turns).

coolguy69 the Sneak (Vine Stalker Monk)             Turns: 2881, Time: 00:02:56

Health: -1/28      AC:  6    Str: 15    XL:     5   Next: 23%
Magic:  2/6        EV: 11    Int: 10    God:
Gold:   102        SH:  0    Dex: 16    Spells: 4/4 levels left

rFire    . . .     SeeInvis .   a - +0 short sword
rCold    . . .     Faith    .   (no shield)
rNeg     . . .     Spirit   +   f - +0 ring mail
rPois    .         Reflect  .   (no helmet)
rElec    .         Harm     .   (no cloak)
rCorr    .         Rampage  .   g - +0 pair of gloves
Will     .....                  (no boots)
Stlth    ++........             (no amulet)
HPRegen  1.09/turn              (no ring)
MPRegen  0.10/turn              (no ring)

@: lethally poisoned (-1 -> -8)
A: fangs 2, regeneration 1, magic shield, antimagic bite, no potion heal 2
a: no special abilities


You were on level 4 of the Dungeon.
You visited 1 branch of the dungeon, and saw 4 of its levels.

You collected 102 gold pieces.

Inventory:

Hand Weapons
 a - a +0 short sword (weapon)
Armour
 b - a +0 robe
 f - a +0 ring mail (worn)
 g - a +0 pair of gloves (worn)
Scrolls
 c - 2 scrolls of enchant weapon {unknown}
 e - a scroll of magic mapping {unknown}
 i - a scroll of vulnerability {unknown}
 k - a scroll of enchant armour {unknown}
 l - a scroll of teleportation {unknown}
 n - a scroll of noise {unknown}
 q - a scroll of fear {unknown}
 r - 2 scrolls of holy word {unknown}
Potions
 d - a potion of heal wounds {unknown}
 h - a potion of mutation {unknown}
 j - a potion of cancellation {unknown}
 m - a potion of flight {unknown}
 o - a potion of haste {unknown}
 p - a potion of attraction {unknown}


   Skills:
 + Level 3.4 Fighting
 + Level 3.6 Short Blades
 + Level 0.3 Armour
 + Level 3.0 Dodging
 + Level 4.1 Stealth


You had 4 spell levels left.
You didn't know any spells.
Your spell library contained the following spells:

 Spells                   Type           Power      Damage    Failure   Level
 Animate Skeleton         Necr           0%         N/A       58%         1
 Pain                     Necr           0%         1d4       58%         1
 Summon Small Mammal      Summ           0%         N/A       58%         1
 Call Imp                 Summ           0%         N/A       75%         2
 Call Canine Familiar     Summ           0%         N/A       92%         3
 Summon Guardian Golem    Hex/Summ       0%         N/A       92%         3
 Vampiric Draining        Necr           0%         2d6       92%         3
 Animate Dead             Necr           0%         N/A       100%        4
 Summon Ice Beast         Ice/Summ       0%         N/A       100%        4
 Summon Lightning Spire   Summ/Air       0%         N/A       100%        4
 Agony                    Necr           0%         N/A       100%        5


Dungeon Overview and Level Annotations

Branches:
Dungeon (4/15)
 Temple: D:4-7

Altars:
Ashenzari
Fedhas
Nemelex Xobeh
Qazlal
Ru
Trog

Shops:
D:3 [


Innate Abilities, Weirdness & Mutations

You have extremely sharp teeth.
Your natural rate of healing is unusually fast.
When hurt, damage is shared between your health and your magic reserves.
Your bite disrupts and absorbs the magic of your enemies.
Potions cannot restore your health.


Message History

The scorpion is lightly wounded.
The scorpion barely misses you.
You closely miss the scorpion.
The scorpion is lightly wounded.
The scorpion stings you.
You are poisoned.
The scorpion poisons you!
You hit the scorpion.
The scorpion is moderately wounded.
You feel very sick. The scorpion barely misses you.
You hit the scorpion but do no damage. You bite the scorpion.
You drain its power.
You feel invigorated.
The scorpion is moderately wounded.
You feel sick. The scorpion closely misses you.
You hit the scorpion. You bite the scorpion. You drain its power.
The scorpion is severely wounded.
You feel sick. The scorpion stings you.
You are more poisoned.
The scorpion poisons you!
You hit the scorpion. Your bite misses the scorpion.
The scorpion is severely wounded.
You feel very sick. The scorpion barely misses you.
You are too injured to fight recklessly!
You are too injured to fight recklessly!
You are too injured to fight recklessly!
You are too injured to fight recklessly!
You are too injured to fight recklessly!
Unknown command.
You hit the scorpion but do no damage.
The scorpion is severely wounded.
You feel very sick. The scorpion stings you. The scorpion stings you!
* * * LOW HITPOINT WARNING * * *
You are lethally poisoned!
The scorpion poisons you!
* * * LOW HITPOINT WARNING * * *
You feel very sick.
You die...

#..........#
#.########.##
#######.#### #..##
...........# ##.#.##
.######.##.####.###<##
#.........#...#..
#..##.####.......
#.########..##.#
##...##.
.......s.@.....#
#.)####
...#######.<##.# #.# #
#..##.# #. # #(.....
.. # #.###.# ## . #.#
# . #g# . ..


You could see a scorpion and a hobgoblin (asleep).

Vanquished Creatures
  A hound zombie (D:3)
  A hound skeleton (D:3)
  An adder (D:2)
  An adder zombie (D:3)
  2 worms (D:3)
  4 dart slugs
  4 ball pythons
  4 bats
  12 endoplasms
  6 giant cockroaches
  5 goblins
  7 hobgoblins
  9 jackals
  7 kobolds
  4 quokkas
  5 frilled lizards
  4 rats
77 creatures vanquished.

Vanquished Creatures (others)
  A plant (D:1)
  4 withered plants (D:3)
5 creatures vanquished.

Grand Total: 82 creatures vanquished

Notes
Turn   | Place    | Note
-------+----------+-------------------------------------------
     0 | D:1      | coolguy69 the Vine Stalker Monk began the quest for the
                  | Orb.
     0 | D:1      | Reached XP level 1. HP: 11/11 MP: 2/2
    29 | D:1      | Reached XP level 2. HP: 5/16 MP: 1/3
   550 | D:1      | Reached XP level 3. HP: 11/20 MP: 2/4
   713 | D:1      | Found a faded altar of an unknown god.
  1380 | D:2      | Reached skill level 3 in Stealth
  1462 | D:2      | Gained mutation: Your natural rate of healing is unusually
                  | fast. [Vine Stalker growth]
  1462 | D:2      | Reached XP level 4. HP: 24/24 MP: 5/5
  2198 | D:3      | Found a bloodstained altar of Trog.
  2199 | D:3      | Found a sparkling altar of Nemelex Xobeh.
  2199 | D:3      | Found a blossoming altar of Fedhas.
  2199 | D:3      | Found a broken altar of Ashenzari.
  2293 | D:3      | Found a stormy altar of Qazlal.
  2325 | D:3      | Reached XP level 5. HP: 28/28 MP: 6/6
  2359 | D:3      | Reached skill level 4 in Stealth
  2359 | D:3      | Found Goxzod's Armour Shoppe.
  2405 | D:3      | Found a sacrificial altar of Ru.
  2881 | D:4      | Succumbed to a scorpion's poison

Illustrated notes

Levels and vault maps discovered:
D:1:      dpeg_arrival_simpleton_a, layout_basic,
          ebering_ecumenical_altar_abandoned, serial_forest,
          infiniplex_forest_clump_medium, infiniplex_forest_corner_2,
          infiniplex_forest_end_1, infiniplex_forest_end_double,
          infiniplex_forest_clump_diagonal, minmay_surrounded
D:2:      layout_basic, kennysheep_generic_room_7
D:3:      layout_loops_ring, chequers_temple_overflow_statue_of_worship,
          nicolae_overflow_crystal_walls, general_overflow_altar, serial_undead,
          serial_undead_f, serial_undead_f, serial_undead_b, serial_undead_f,
          serial_undead_f, serial_undead_f, serial_shops, shop,
          hangedman_decor_growths, kennysheep_decorative_pillar
D:4:      layout_loops_ring, nicolae_dithmenos_through_a_glass_darkly,
          minmay_temple_entry_mini_moons, uniq_robin

Skill      XL: |  1  2  3  4  5 |
---------------+----------------+-----
Fighting       | 3 |  3.4
Short Blades   | 3 |  3.6
Stealth        | 3 4 |  4.1
Dodging        | 3 |  3.0
Armour         | |  0.3

Action                   |  1- 3 |  4- 6 || total
-------------------------+-------+-------++-------
Melee: Short sword       |   112 |   132 ||   244
       Bite              |    29 |    41 ||    70
 Stab: Sleeping          |     8 |     5 ||    13
       Distracted        |       |     1 ||     1
Armor: Robe              |    12 |       ||    12
       Ring mail         |     6 |    30 ||    36
Dodge: Dodged            |    60 |    56 ||   116

Table legend: (Time is in decaauts)
 A = Elapsed time spent in this place.
 B = Non-inter-level travel time spent in this place.
 C = Inter-level travel time spent in this place.
 D = Time resting spent in this place.
 E = Time spent auto-exploring this place.
 F = Levels seen in this place.
 G = Mean time per level.
                   A        B        C        D        E       F      G
               +--------+--------+--------+--------+--------+-----+--------+
         Total |   2867 |   2811 |     56 |     14 |   2292 |   4 |  716.8 |
       Dungeon |   2867 |   2811 |     56 |     14 |   2292 |   4 |  716.8 |
               +--------+--------+--------+--------+--------+-----+--------+

Top non-repeatable levels by time:
     D:1: 1348 daAuts
     D:2: 803 daAuts
     D:3: 658 daAuts
     D:4: 56 daAuts
